 Dungeon Crawl Stone Soup version 0.18.1-48-g4cf74bf (webtiles) character file.

145 Heedrag the Conjurer (level 5, 0/28 HPs)
             Began as a Deep Elf Conjurer on Sept 1, 2016.
             Killed by divine providence
             ... invoked by an orc priest
              (13 damage)
             ... on level 3 of the Dungeon.
             The game lasted 00:06:05 (2423 turns).

Heedrag the Conjurer (Deep Elf Conjurer)            Turns: 2423, Time: 00:06:06

Health: 0/28       AC:  4    Str:  6    XL:     5   Next: 6%
Magic:  6/13       EV: 13    Int: 20    God:
Gold:   115        SH:  0    Dex: 15    Spells: 1 memorised, 11 levels left

rFire  + . .     SeeInvis .     t - +0 short sword
rCold  . . .     Gourm    .     a - +0 robe
rNeg   . . .     Faith    .     (no shield)
rPois  .         Spirit   .     (no helmet)
rElec  .         Dismiss  .     g - +0 cloak
rCorr  .         Reflect  .     r - +0 pair of gloves
SustAt .         Harm     .     (no boots)
MR     .....                    i - amulet of inaccuracy (curse)
Stlth  ++........               (no ring)
                                s - ring of protection from fire

@: not resistant to hostile enchantments, unstealthy
A: no striking features
a: no special abilities


You were on level 3 of the Dungeon.
You were not hungry.

You visited 1 branch of the dungeon, and saw 3 of its levels.

You collected 115 gold pieces.

Inventory:

Hand Weapons
 t - a +0 short sword (weapon)
Armour
 a - a +0 robe (worn)
 g - a +0 cloak (worn)
 k - a +0 buckler
 r - a +0 pair of gloves (worn)
Jewellery
 i - a cursed amulet of inaccuracy (around neck)
 s - a ring of protection from fire (left hand)
Wands
 y - a wand of confusion (13/48)
Scrolls
 d - a scroll of remove curse {unknown}
 f - a scroll of magic mapping {unknown}
 j - a scroll of fog {unknown}
 l - 2 scrolls of identify {unknown}
 o - 2 scrolls of recharging {unknown}
 p - a scroll of fear {unknown}
 v - a scroll of amnesia {unknown}
Potions
 e - 3 potions of curing {unknown}
 m - a potion of brilliance {unknown}
 n - a potion of resistance {unknown}
 q - a potion of mutation {unknown}
 w - 2 potions of lignification {unknown}
Books
 b - a book of Conjurations

   Spells                             Type                      Level
   a - Magic Dart                     Conjuration                  1
   b - Searing Ray                    Conjuration                  2
   c - Dazzling Spray                 Conjuration/Hexes            3
   d - Fulminant Prism                Conjuration/Hexes            4
   e - Iskenderun's Mystic Blast      Conjuration                  4
   f - Iskenderun's Battlesphere      Conjuration/Charms           5
 u - a Young Poisoner's Handbook

   Spells                             Type                      Level
   a - Sting                          Conjuration/Poison           1
   b - Cure Poison                    Poison                       2
   c - Mephitic Cloud                 Conjuration/Poison/Air       3
   d - Olgreb's Toxic Radiance        Poison                       4
   e - Venom Bolt                     Conjuration/Poison           5
Comestibles
 c - 3 bread rations
 h - 2 meat rations
 x - 2 chunks of flesh


   Skills:
 - Level 2.4 Dodging
 - Level 2.4 Stealth
 + Level 4.4 Spellcasting
 * Level 6.4 Conjurations


You had 11 spell levels left.
You knew the following spells:

 Your Spells              Type           Power        Failure   Level  Hunger
a - Magic Dart            Conj           ####         1%          1    None


Dungeon Overview and Level Annotations

Branches:
Dungeon (3/15)

Altars:
Ashenzari

Annotations:
D:2 Terence


Message History

Aim: an orc priest, wieldin' a short sword an' wearin' a rin' mail (moderately wounded) Tha magic dart hits tha orc priest.
Tha orc priest be severely wounded.
Tha orc priest invokes tha aid o' Beogh against ye.
Ye struggle ta resist.
Castin': Magic Dart Confirm wit' . or Enter, or press ? or * ta list all spells.
Aimin': Magic Dart
Press: ? - help, Shift-Dir - straight line, f/p - orc priest
Aim: an orc priest, wieldin' a short sword an' wearin' a rin' mail (severely wounded) Tha magic dart hits tha orc priest.
Tha orc priest be severely wounded.
Tha orc priest shouts! x2
Tha orc priest calls upon Beogh ta heal tha orc priest.
Tha orc priest be healed somewhat.
Tha orc priest mumbles some strange prayers ta Beogh against ye.
Beogh smites ye!
Tha orc priest calls down tha wrath o' Beogh upon ye.
Beogh smites ye!
Ye die...

..........###o##...#...........#
#..........#..###########......#
..........##..o# #.######
..........##...# #.#
#.........###..## #.#
######.#### #...# #.# #.# #..o#
#.# #.# #...## #.# ####.#
##..@### #.# ###....# #....)###
#.# #......# ##......## #.#
....(.## ###.....# #.# ...####
###...###.# .### ##...##.# ##
#...##.# # #...##.# ##...#.#


You could see 2 orc priests.

Vanquished Creatures
  Natasha (twice) (D:3)
  A worker ant (D:3)
  An adder (D:2)
  A worm (D:3)
  4 dart slugs
  2 giant geckos
  3 orcs
  A ball python (D:1)
  4 bats
  5 giant cockroaches
  6 goblins
  4 hobgoblins
  A quokka (D:2)
  5 kobolds
  7 rats
47 creatures vanquished.

Notes
Turn   | Place    | Note
--------------------------------------------------------------
     0 | D:1      | Heedrag the Deep Elf Conjurer began the quest for the Orb.
     0 | D:1      | Reached XP level 1. HP: 10/10 MP: 6/6
   349 | D:1      | Reached XP level 2. HP: 15/15 MP: 4/8
   544 | D:1      | Reached skill level 5 in Conjurations
   788 | D:2      | Reached XP level 3. HP: 19/19 MP: 7/10
  1292 | D:2      | Noticed Terence
  1482 | D:3      | Found a shattered altar of Ashenzari.
  1986 | D:3      | Reached XP level 4. HP: 11/24 MP: 4/12
  2268 | D:2      | Reached skill level 6 in Conjurations
  2369 | D:3      | Noticed Natasha
  2372 | D:3      | Killed Natasha
  2402 | D:3      | Noticed Natasha
  2407 | D:3      | Killed Natasha
  2407 | D:3      | Reached XP level 5. HP: 25/28 MP: 8/13
  2423 | D:3      | Killed from afar by an orc priest

Skill      XL: |  1  2  3  4 |
---------------+-------------+-----
Conjurations   | 5 6 |  6.4
Spellcasting   | 4 |  4.4
Dodging        | |  2.4
Stealth        | |  2.4

Action                   |  1- 3 |  4- 6 || total
-------------------------+-------+-------++-------
Melee: Short sword       |     4 |       ||     4
 Cast: Magic Dart        |   102 |    30 ||   132
  Use: Potion            |     1 |       ||     1
  Eat: Chunk             |     3 |     2 ||     5
Armor: Robe              |    10 |     2 ||    12
Dodge: Dodged            |    11 |     2 ||    13
